 Dungeon Crawl Stone Soup version 0.28-a0-1143-gcf6077d4cc (webtiles) character file.

Game seed: 13013651326646396897

1211 spaghetti the Sneak (level 8, -3/58 HPs)
             Began as a Mummy Delver on Dec 14, 2021.
             Slain by a sky beast (5 damage)
             ... on level 7 of the Dungeon.
             The game lasted 00:12:09 (6382 turns).

spaghetti the Sneak (Mummy Delver)                  Turns: 6382, Time: 00:12:09

Health: -3/58      AC: 22    Str: 17    XL:     8   Next: 22%
Magic:  0/8        EV:  6    Int: 10    God:
Gold:   119        SH:  0    Dex: 13    Spells: 7/7 levels left

rFire   x . .      SeeInvis +   a - +1 falchion (drain) {long}
rCold   + . .      Faith    .   (no shield)
rNeg    + + +      Spirit   +   o - +10 plate armour {ponderous}
rPois   ∞          Reflect  .   (no helmet)
rElec   .          Harm     .   (no cloak)
rCorr   .          Rampage  .   (no gloves)
Will    +....                   (no boots)
Stlth   ..........              g - amulet of guardian spirit
HPRegen 0.19/turn               j - ring of see invisible
MPRegen 0.11/turn               (no ring)

@: slow
A: cold resistance 1, negative energy resistance 3, torment resistance 2, heat
vulnerability 1, no potions
a: no special abilities


You were on level 7 of the Dungeon.
You visited 1 branch of the dungeon, and saw 7 of its levels.

You collected 119 gold pieces.


Innate Abilities, Weirdness & Mutations

You are immune to poison.
Your flesh is cold resistant. (rC+)
You are immune to negative energy. (rN+++)
You are immune to unholy pain and torment.
You are vulnerable to heat. (rF-)
You do not drink.


   Skills:
 - Level 3.0 Fighting
 - Level 1.5 Long Blades
 + Level 6.0 Armour
 - Level 1.5 Dodging
 - Level 7.3 Stealth


You had 7 spell levels left.
You didn't know any spells.
Your spell library contained the following spells:

 Spells                   Type           Power      Damage    Failure   Level
 Magic Dart               Conj           0%         1d3       100%        1
 Searing Ray              Conj           0%         2d4       100%        2
 Conjure Flame            Conj/Fire      0%         6-21      100%        3
 Ignite Poison            Fire/Tmut/Pois 0%         N/A       100%        3
 Mephitic Cloud           Conj/Pois/Air  0%         N/A       100%        3
 Fulminant Prism          Conj/Hex       0%         3d6       100%        4
 Sticky Flame             Conj/Fire      0%         2d3       100%        4
 Freezing Cloud           Conj/Ice/Air   0%         6-21      100%        5

Inventory:

Hand Weapons
 a - a +1 falchion of draining (weapon) {long}
Missiles
 h - 29 poisoned darts (quivered) {throwing}
 i - 119 stones {throwing}
 m - 23 sling bullets
 q - 3 curare-tipped darts {=fthrowing}
 r - 16 bolts
Armour
 b - a +0 leather armour
 o - a +10 plate armour of ponderousness (worn)
   (You found it on level 5 of the Dungeon)
 p - +0 gold dragon scales {rare}
   (You found it on level 6 of the Dungeon)
Jewellery
 g - an amulet of guardian spirit (around neck)
   (You found it on level 3 of the Dungeon)
 j - a ring of see invisible (left hand)
   (You found it on level 1 of the Dungeon)
Wands
 f - a wand of digging (1)
Scrolls
 d - a scroll of magic mapping {!r}
 k - a scroll of enchant weapon
 l - 4 scrolls of identify {@r1}

Dungeon Overview and Level Annotations

Branches:
Dungeon (7/15)             Temple (0/1) D:6

Altars:
Cheibriados
Ru
Trog
Wu Jian
The Shining One
Beogh

Shops:
D:3 :   D:4 !   D:6 [

Annotations:
D:3 1 exclusion
D:4 Natasha
D:6 exclusion: jelly

#..#. ###### #..#..(..
#..... ##$$$$###........
....).##......##........
#).....##....##.(.§.§§..
#......#8..8#.....§....
#..........o...[§§§§...
#.......z..#....§§§§...
#.....YF#.......§§§§...
##....@.##..§o.o§§§§...
#....?..#.....§§§§....
#.....###..§..§.§..o..
#......#.............#
##>..(........#....##o
...##.............###
#... .. ..........# #
#..? ... .....[.... .
......... .


You could see a sky beast, a bullfrog, a wight and an orc.


Message History

A large slime creature splits.
The howler monkey hoots and howls with incredible vigour! 😱 HP[+1] 😱 MP[+1]
The slime creature jiggles.
The slime creature hits you!
* * * LOW HITPOINT WARNING * * *
😱 HP[-6] MP[-2]
You take 6 damage, and now have 7/58 hp.
You lost 2 mp, and now have 4/8 mp.
The howler monkey hoots and howls with incredible vigour!
Two slime creatures merge to form a large slime creature. 😱 HP[+1] Unknown command.
Unknown command.
Unknown command.
The howler monkey hoots and howls with incredible vigour! 😱 HP[+1] 😱 MP[+1]
There is a stone staircase leading down here.
The jelly hits you but does no damage.
You climb downwards.
The orc priest shouts!
The bullfrog croaks.
You hear a shout! x2
The bullfrog snags a nearby moth with its tongue.
The bullfrog hits you but does no damage.
Found a stone staircase leading down.
There is a stone staircase leading up here. 😱 HP[+1] Unknown command.
Unknown command.
Unknown command.
An orc and an orc priest come into view.
The orc priest is wielding a +1 dagger of speed.
The orc shouts!
The orc priest shouts!
You hear a shout! x2
The bullfrog barely misses you.
The orc priest moves out of view.
An orc comes into view. It is wielding a +0 short sword.
Unknown command.
The orc shouts!
Unknown command.
Unknown command.
Hit: a) +1 falchion (drain) {long}
Press: ? - help, Dir - move target, f - bullfrog
Aim: a bullfrog (about 53% to evade your +1 falchion of draining)
Okay, then.
Unknown command.
Okay, then.
You can't drink.
Okay, then.
Unknown command.
The bullfrog barely misses you.
An orc comes into view. It is wielding a +0 mace.
The bullfrog hits you but does no damage.
The orc priest casts a cantrip, but nothing happens. 😱 HP[+1] MP[+1]
The bullfrog barely misses you.
Really read
d - a scroll of magic mapping {!r}?
Okay, then.
Unknown command.
As you read the scroll of fog, it crumbles to dust.
The scroll dissolves into smoke.
The bullfrog barely misses you. The jelly hits you but does no damage.
The bullfrog barely misses you.
Unknown command.
The bullfrog hits you but does no damage.
You see here a +0 scale mail. 😱 HP[+1]
The bullfrog hits you but does no damage.
Unknown command.
A sky beast comes into view.
Found 56 gold pieces.
Found a snail-covered altar of Cheibriados.
The bullfrog hits you but does no damage. 😱 MP[+1]
A wight comes into view. It is wielding a +0 flail.
Found a scroll of identify.
Found a sacrificial altar of Ru.
The wight hits you but does no damage.
The sky beast hits you but does no damage.
The bullfrog hits you but does no damage.
The orc priest calls down the wrath of Beogh upon you.
Beogh smites you!
* * * LOW HITPOINT WARNING * * *
😱 HP[-7] MP[-4]
You take 7 damage, and now have 5/58 hp.
You lost 4 mp, and now have 3/8 mp.
Unknown command.
Unknown command.
Found a stone staircase leading down.
The sky beast hits you but does no damage.
The bullfrog hits you but does no damage.
The wight hits you with a +0 flail.
* * * LOW HITPOINT WARNING * * *
😱 HP[-2] MP[-2]
You take 2 damage, and now have 3/58 hp.
You lost 2 mp, and now have 1/8 mp.
Unknown command.
Unknown command.
The bullfrog hits you but does no damage.
The sky beast hits you.
* * * LOW HITPOINT WARNING * * *
The sky beast shocks you.
You die...

Skill      XL: |  1  2  3  4  5  6  7  8 |
---------------+-------------------------+-----
Stealth        | 5 6 7 |  7.3
Armour         | 3 5 6 |  6.0
Fighting       | |  3.0
Long Blades    | |  1.5
Dodging        | |  1.5

Action                   |  1- 3 |  4- 6 |  7- 9 || total
-------------------------+-------+-------+-------++-------
Melee: Falchion          |   100 |   128 |    77 ||   305
Throw: Dart              |       |    15 |     4 ||    19
Evoke: Wand              |       |     6 |    14 ||    20
  Use: Scroll            |     6 |     5 |     2 ||    13
 Stab: Sleeping          |     8 |     3 |       ||    11
       Distracted        |       |     1 |       ||     1
       Paralysed         |       |     3 |     5 ||     8
Armor: Leather armour    |    21 |    39 |       ||    60
       Plate armour      |       |    33 |    97 ||   130
Dodge: Dodged            |    79 |   121 |    36 ||   236

Levels and vault maps discovered:
D:1:      heliophobic_arrival_dark_side_of_the_moon, layout_basic,
          dreamdust_ecumenical_altar_hidden_monk_grotto
D:2:      layout_basic, cheibrodos_gnoll_hut
D:3:      layout_loops_ring, bloody_trog, serial_shops, nicolae_shop_trees,
          minivault_26, kennysheep_orc_chapel
D:4:      layout_cave_pools, fiery_altar_vehumet, serial_shops,
          nicolae_shop_stone, minmay_manual_monstrance, uniq_blork_the_orc,
          uniq_natasha
D:5:      layout_loops_ring, nicolae_overflow_hidden_temple
D:6:      cheibrodos_fertilizer, layout_loops_ring,
          minmay_temple_entry_crystal_x, serial_shops, nicolae_diamond_shop,
          minmay_misc_feat_pillars, uniq_pikel, uniq_sigmund
D:7:      minmay_angry_zag, layout_cave_pools, lemuel_round_altar,
          xom_teletrap_fun, mainiacjoe_overflow_paths, jmf_multi_god_temple

Notes
Turn   | Place    | Note
-------+----------+-------------------------------------------
     0 | D:5      | spaghetti the Mummy Delver began the quest for the Orb.
     0 | D:5      | Reached XP level 1. HP: 18/18 MP: 1/1
     0 | D:5      | magus.rc [v1.9.6]
     3 | D:5      | Noticed an iguana
   101 | D:5      | Noticed an ogre
   105 | D:4      | Noticed an orc wizard
   292 | D:3      | Found a bloodstained altar of Trog.
   306 | D:3      | Found Umemp's Book Shoppe.
   332 | D:3      | Reached XP level 2. HP: 24/24 MP: 2/2
   764 | D:3      | Reached skill level 5 in Stealth
   764 | D:3      | Reached XP level 3. HP: 23/29 MP: 1/3
   996 | D:2      | You pick up a book of Conjurations {@e2} and begin
                  | reading...
   996 | D:2      | You add the spells Magic Dart, Searing Ray and Fulminant
                  | Prism to your library.
  1681 | D:1      | You add the spells Conjure Flame, Ignite Poison and Sticky
                  | Flame to your library.
  2105 | D:1      | Found a faded altar of an unknown god.
  2282 | D:2      | Reached XP level 4. HP: 16/35 MP: 2/4
  2609 | D:2      | You add the spells Mephitic Cloud and Freezing Cloud to
                  | your library.
  3059 | D:2      | Reached skill level 6 in Stealth
  3273 | D:3      | Reached XP level 5. HP: 29/41 MP: 2/5
  3502 | D:4      | Found Ysimaese's Distillery.
  3503 | D:4      | Noticed Natasha
  3617 | D:5      | Killed an ogre
  3621 | D:5      | HP: 10/41 [ufetubus (1)]
  3629 | D:5      | HP: 5/41 [ufetubus (3)]
  3635 | D:5      | HP: 2/41 [ufetubus (1)]
  4388 | D:5      | HP: 10/41 [ufetubus (2)]
  4389 | D:5      | Reached skill level 7 in Stealth
  4389 | D:5      | Reached XP level 6. HP: 12/47 MP: 2/6
  4677 | D:5      | Found an ornate altar of the Wu Jian Council.
  5050 | D:6      | Reached skill level 2 in Armour
  5201 | D:6      | Identified +0 gold dragon scales
  5202 | D:6      | p - +0 gold dragon scales {rare}
  5273 | D:6      | Noticed Sigmund
  5294 | D:6      | Killed Sigmund
  5295 | D:6      | Reached skill level 3 in Armour
  5295 | D:6      | Reached XP level 7. HP: 52/52 MP: 7/7
  5333 | D:6      | Reached skill level 4 in Armour
  5509 | D:6      | Reached skill level 5 in Armour
  5511 | D:6      | Reached XP level 8. HP: 28/58 MP: 4/8
  5699 | D:6      | Noticed a slime creature
  5735 | D:6      | Found Haocin Tye's Antique Armour Shop.
  5751 | D:6      | HP: 13/58 [acid (9)]
  6136 | D:6      | Found a staircase to the Ecumenical Temple.
  6177 | D:6      | Reached skill level 6 in Armour
  6326 | D:6      | HP: 8/58 [large slime creature (9)]
  6352 | D:6      | HP: 7/58 [slime creature (6)]
  6376 | D:7      | Found a snail-covered altar of Cheibriados.
  6378 | D:7      | Found a sacrificial altar of Ru.
  6378 | D:7      | HP: 5/58 [orc priest/divine providence (8)]
  6382 | D:7      | HP: 2/58 [sky beast (2)]
  6382 | D:7      | Slain by a sky beast

Vanquished Creatures
  Sigmund (D:6)
  A water moccasin (D:6)
  A necrophage (D:6)
  An ogre (D:5)
  A lemure (D:6)
  5 kobold brigands (D:6)
  A water moccasin zombie (D:6)
  A scorpion (D:5)
  An orc priest (D:2)
  A bullfrog skeleton (D:5)
  2 jellies
  An orc wizard (D:3)
  2 iguanas
  A gnoll (D:2)
  4 adders
  A white imp (D:6)
  2 ufetubi (D:5)
  2 dart slugs (D:3)
  10 orcs
  6 endoplasms
  A giant cockroach (D:1)
  5 goblins
  2 hobgoblins
  9 jackals
  6 kobolds
  4 quokkas
  4 ball pythons
  5 bats
  A rat (D:2)
82 creatures vanquished.

Vanquished Creatures (others)
  8 fungi (D:6)
  8 toadstools (D:6)
16 creatures vanquished.

Grand Total: 98 creatures vanquished

Table legend:
 A = Non-vault XP
 B = Vault XP
 C = Vault XP percentage of total XP
 D = Non-vault monster count
 E = Vault monster count
 F = Vault count percentage of total count
                 A         B        C        D         E       F
            +---------+---------+-------+---------+---------+-------
      Total |    1055 |     675 |  39.0 |      69 |      12 |  14.8
            +---------+---------+-------+---------+---------+-------
        D:1 |      34 |       0 |   0.0 |      18 |       0 |   0.0
        D:2 |      77 |      18 |  18.9 |      11 |       3 |  21.4
        D:3 |      80 |       0 |   0.0 |      16 |       0 |   0.0
        D:5 |     344 |       0 |   0.0 |      11 |       0 |   0.0
        D:6 |     520 |     657 |  55.8 |      13 |       9 |  40.9
            +---------+---------+-------+---------+---------+-------

Illustrated notes

Table legend:
 A = Kills in this place as a percentage of kills in entire the game.
 B = Kills by you in this place as a percentage of kills by you in the entire game.
 C = Kills by friends in this place as a percentage of kills by friends in the entire game.
 D = Other kills in this place as a percentage of other kills in the entire game.
 E = Experience gained in this place as a percentage of experience gained in the entire game.
 F = Experience gained in this place divided by the number of levels of this place that you have seen.
                   A       B       C       D       E      F
               +-------+-------+-------+-------+-------+----------------------
         Total | 100.0 | 100.0 |   N/A |   N/A | 100.0 | 247.1
       Dungeon | 100.0 | 100.0 |   N/A |   N/A | 100.0 | 247.1
               +-------+-------+-------+-------+-------+----------------------

Table legend: (Time is in decaauts)
 A = Elapsed time spent in this place.
 B = Non-inter-level travel time spent in this place.
 C = Inter-level travel time spent in this place.
 D = Time resting spent in this place.
 E = Time spent auto-exploring this place.
 F = Levels seen in this place.
 G = Mean time per level.
                   A        B        C        D        E       F      G
               +--------+--------+--------+--------+--------+-----+--------+
         Total |   6529 |   6370 |    159 |   1384 |   3780 |   7 |  932.7 |
       Dungeon |   6529 |   6370 |    159 |   1384 |   3780 |   7 |  932.7 |
               +--------+--------+--------+--------+--------+-----+--------+

Top non-repeatable levels by time:
     D:5: 1633 daAuts
     D:6: 1414 daAuts
     D:2: 1273 daAuts
     D:1: 1200 daAuts
     D:3: 911 daAuts
     D:4: 73 daAuts
     D:7: 23 daAuts
